Map: Shrines of Lizul

Players

PureLegacy - Winner!

  • Race: Terran Terran
  • Spawn Location: 6:00

Bread - Winner!

  • Race: Protoss Protoss
  • Spawn Location: 9:00

Trollness

  • Race: Terran Terran
  • League: Diamond
  • Spawn Location: 12:00

cucaracha

  • Race: Zerg Zerg
  • Spawn Location: 3:00

VOD

Have the link to the VOD?

Description

Time

  • Played on: Nov. 21, 2018, 9:08 a.m.
  • Length: 4:30
Show
View Real Time Build Order
Export as new Build Order

PureLegacy Terran - Winner!

Build Orders:  

Get SALT Encoding   

  12  0:02  SCV  
  13  0:14  SCV  
  13  0:19  Supply Depot  
  14  0:26  SCV  
  15  0:31  Refinery  
  15  0:40  SCV  
  16  0:47  Barracks  
  16  0:52  SCV  
  17  1:03  Barracks  
  17  1:18  Barracks  
  17  1:23  SCV  
  18  1:34  Reaper  
  18  1:39  Orbital Command  
  19  1:48  Refinery  
  19  1:52  Reaper  
  20  2:00  Supply Depot  
  20  2:07  Reaper  
  21  2:08  Reaper  
  22  2:17  SCV  
  23  2:24  Reaper  
  24  2:34  Supply Depot  
  24  2:41  Reaper x2  
  24  2:43  SCV  
  27  2:57  Reaper  
  28  3:08  SCV  
  29  3:14  Reaper  
  29  3:15  Reaper  
  29  3:16  Command Center  
  31  3:32  Reaper  
  32  3:46  Reaper  
  32  3:48  Barracks  
  33  3:49  Barracks, SCV  
  33  3:51  Reaper  
  33  3:54  Supply Depot  
  35  4:09  SCV  
Show
View Real Time Build Order
Export as new Build Order

Bread Protoss - Winner!

Build Orders: Oracle Opening 

Get SALT Encoding   

  12  0:02  Probe  
  13  0:14  Probe  
  13  0:19  Pylon  
  14  0:27  Probe  
  15  0:36  Probe  
  15  0:42  Gateway  
  16  0:44  Probe  
  17  0:51  Assimilator  
  17  0:57  Probe  
  18  1:05  Probe  
  19  1:13  Probe, Pylon  
  20  1:29  Cybernetics Core  
  20  1:30  Zealot  
  22  1:34  Probe  
  22  1:36  Assimilator  
  23  1:46  Probe  
  24  1:58  Probe  
  25  2:10  Probe  
  26  2:16  Stargate  
  26  2:22  Probe  
  27  2:27  Shield Battery  
  27  2:29  Adept  
  29  2:32  Warp Gate  
  29  2:34  Probe  
  30  2:41  Pylon  
  30  2:51  Oracle  
  30  2:57  Probe  
  34  3:10  Gateway  
  34  3:17  Nexus  
  34  3:22  Probe  
  35  3:30  Shield Battery  
  36  3:34  Probe  
  36  3:37  Adept  
  38  3:46  Probe  
  39  3:49  Pylon  
Show
View Real Time Build Order
Export as new Build Order

Trollness Terran 

Build Orders:  

Get SALT Encoding   

  12  0:01  SCV  
  13  0:13  SCV  
  14  0:22  Supply Depot  
  14  0:25  SCV  
  15  0:36  Refinery  
  15  0:43  SCV  
  15  0:46  Barracks  
  16  0:57  SCV  
  17  1:06  Refinery  
  17  1:09  SCV  
  18  1:21  SCV  
  19  1:33  SCV  
  19  1:36  Marine, Factory  
  21  1:48  Orbital Command  
  21  1:54  Marine  
  21  1:57  Supply Depot  
  22  2:13  Barracks Reactor  
  22  2:16  SCV  
  23  2:28  SCV  
  24  2:37  Factory Tech Lab  
  24  2:42  SCV  
  22  2:52  Marine x2  
  22  2:55  Siege Tank  
  18  3:28  Marine x2  
  19  3:38  Siege Tank  
  17  3:55  SCV  
  17  4:12  SCV  
Show
View Real Time Build Order
Export as new Build Order

cucaracha Zerg 

Build Orders: Pool First 

Get SALT Encoding   

  12  0:04  Drone  
  13  0:16  Drone  
  14  0:27  Spawning Pool  
  13  0:35  Drone  
  14  0:56  Extractor  
  13  0:57  Drone  
  14  1:31  Overlord  
  14  1:45  Hatchery  
  13  1:52  Zergling x4, Roach Warren  
  14  2:04  Zergling x2  
  14  2:05  Drone  
  14  2:07  Lair  
  16  2:24  Drone  
  16  2:29  Drone  
  18  2:45  Roach  
  18  2:46  Overlord  
  17  3:03  Roach x2  
  21  3:11  Roach x2  
  25  3:17  Spine Crawler  
  25  3:19  Roach  
  26  3:30  Roach x2  
  30  3:40  Roach  
  32  3:50  Drone, Roach  
Tags
 
Add a new tag
Caveats
  • Supply blocks, unpowered buildings, or Contaminate may cause inaccurate times.
  • Supply counts are checked every 10 seconds.